 Dungeon Crawl Stone Soup version 0.29.1-1-gd02db6906a (webtiles) character file.

Game seed: 16439395825582421721

150 Homeless the Shooter (level 5, 0/30 HPs)
             Began as a Kobold Hunter on Oct 20, 2022.
             Slain by an orc
             ... wielding a +0 club
              (4 damage)
             ... on level 3 of the Dungeon.
             The game lasted 00:05:42 (2946 turns).

Homeless the Shooter (Kobold Hunter)                Turns: 2946, Time: 00:05:43

Health: 0/30       AC:  5    Str:  6    XL:     5   Next: 58%
Magic:  5/5        EV: 14    Int: 10    God:
Gold:   999        SH:  0    Dex: 21    Spells: 4/4 levels left

rFire   . . .      SeeInvis .   a - +1 shortbow
rCold   + . .      Faith    .   (shield currently unavailable)
rNeg    . . .      Spirit   .   c - +2 leather armour
rPois   .          Reflect  .   (no helmet)
rElec   .          Harm     .   (no cloak)
rCorr   +          Rampage  .   (no gloves)
Will    .....                   (no boots)
Stlth   ++++......              (no amulet)
HPRegen 0.10/turn               i - ring of resist corrosion
MPRegen 0.09/turn               l - ring of protection from cold

@: about to teleport
A: small, no large weapons, nightstalker 3, weak 1, no potion heal 1
a: no special abilities


You were on level 3 of the Dungeon.
You visited 1 branch of the dungeon, and saw 3 of its levels.

You collected 999 gold pieces.

Inventory:

Hand Weapons
 a - a +1 shortbow (weapon)
Armour
 c - a +2 leather armour (worn)
Jewellery
 i - a ring of resist corrosion (left hand)
 j - a ring of positive energy
 l - a ring of protection from cold (right hand)
Scrolls
 e - a scroll of teleportation
 g - 2 scrolls of amnesia
 k - a scroll of magic mapping {unknown}
Potions
 b - a potion of attraction {unknown}
 d - a potion of haste {unknown}
 f - a potion of lignification {unknown}
 h - 3 potions of curing


   Skills:
 - Level 2.1 Fighting
 * Level 7.1 Ranged Weapons
 - Level 2.4 Dodging
 * Level 5.1 Stealth


You had 4 spell levels left.
You didn't know any spells.
Your spell library contained the following spells:

 Spells                   Type           Power      Damage    Failure   Level
 Beastly Appendage        Tmut           0%         N/A       52%         1
 Scorch                   Fire           0%         2d5       65%         2
 Wereblood                Tmut           0%         N/A       65%         2
 Dazzling Flash           Conj/Hex       0%         N/A       87%         3
 Spider Form              Tmut/Pois      0%         N/A       87%         3
 Flame Wave               Conj/Fire      0%         2d4       99%         4
 Agony                    Necr           0%         N/A       100%        5
 Silence                  Hex/Air        0%         N/A       100%        5
 Summon Cactus Giant      Summ           0%         N/A       100%        6


Dungeon Overview and Level Annotations

Branches:
Dungeon (3/15)

Altars:


Innate Abilities, Weirdness & Mutations

You are small and have problems with some larger weapons.
You are completely attuned to the shadows.
You are weak. (Str -2)
Potions are less effective at restoring your health.


Message History

Found a red potion.
Found 11 gold pieces.
b - a red potion You start resting.
An orc comes into view. It is wielding a +0 club.
Fire: a) +1 shortbow
Press: ? - help, Q - select action Shift-Dir - straight line, f - orc
Aim: an orc, wielding a +0 club and wearing a +0 scale mail (wandering, hasn't noticed you, 70% to hit)
You shoot an arrow. The orc shouts!
The arrow hits the orc.
The orc is moderately wounded.
Fire: a) +1 shortbow
Press: ? - help, Q - select action Shift-Dir - straight line, f/p - orc
Aim: an orc, wielding a +0 club and wearing a +0 scale mail (moderately wounded, 70% to hit)
You shoot an arrow.
The arrow hits the orc but does no damage.
The orc is moderately wounded.
You hear a shout! x2
You hear a shout!
You see here 11 gold pieces.
The orc barely misses you.
An orc comes into view. It is wielding a +0 club.
An orc priest comes into view. It is wielding a +0 war axe.
The orc attacks as you move away! The orc hits you with a +0 club.
As you read the scroll of teleportation, it crumbles to dust.
You feel strangely unstable. The orc hits you with a +0 club.
The orc closely misses you.
Really attack while wielding your +1 shortbow? [Y]es or [N]o only, please.
Really attack while wielding your +1 shortbow?
You clumsily bash the orc but do no damage.
The orc is lightly wounded.
The orc hits you with a +0 club.
* * * LOW HITPOINT WARNING * * *
The orc hits you with a +0 club.
* * * LOW HITPOINT WARNING * * *
An orc comes into view. It is wielding a +0 short sword.
The orc hits you with a +0 club.
You die...

.. #####....### #.###.#
...# #......#...#######
##.#..#
...#####.#.†............#
##.#.#
.........#.....##.#.....#
###.#
........................#
##.#
..................#.....#
##.#.
...####.......).###.....#
##.### ...#
##.......#####.#### #.##
# ...# .......oo@o..$#
##.### .... ##.#######
##.#. ....# .....# #..#
#.#.# ..o..## ##### #.##
......###...########.#
......##.............#
.............#########
.....###.###.# # .....#
#.# #.#


You could see an orc priest and 3 orcs.

Vanquished Creatures
  Pargi (D:3)
  An adder (D:2)
  2 dart slugs (D:1)
  9 bats
  3 endoplasms
  2 giant cockroaches
  3 goblins
  2 hobgoblins
  4 jackals
  A quokka (D:1)
  4 ball pythons
  A frilled lizard (D:2)
  5 kobolds
  3 rats
41 creatures vanquished.

Notes
Turn   | Place    | Note
-------+----------+-------------------------------------------
     0 | D:1      | Homeless the Kobold Hunter began the quest for the Orb.
     0 | D:1      | Reached XP level 1. HP: 12/12 MP: 1/1
   437 | D:1      | Found a faded altar of an unknown god.
   457 | D:1      | Reached XP level 2. HP: 17/17 MP: 2/2
   957 | D:1      | Reached XP level 3. HP: 21/21 MP: 3/3
  1081 | D:1      | Gained mutation: Potions are less effective at restoring
                  | your health. [potion of mutation]
  1081 | D:1      | Gained mutation: You are weak. (Str -2) [potion of
                  | mutation]
  1740 | D:2      | Reached skill level 6 in Ranged Weapons
  1815 | D:2      | Identified a scroll of acquirement
  1816 | D:2      | Acquired 917 gold pieces
  2032 | D:2      | Reached XP level 4. HP: 26/26 MP: 4/4
  2262 | D:3      | Noticed Pargi
  2858 | D:3      | Killed Pargi
  2859 | D:3      | Reached skill level 7 in Ranged Weapons
  2859 | D:3      | Reached skill level 5 in Stealth
  2859 | D:3      | Reached XP level 5. HP: 7/30 MP: 5/5
  2946 | D:3      | Slain by an orc

Illustrated notes

Levels and vault maps discovered:
D:1:      minmay_arrival_open_corners, layout_rooms, basic_ecumenical_altar,
          serial_co_window_serial, co_window_corner_a, co_window_paths_a,
          co_window_paths_b, co_window_corner_a, co_window_corner_a,
          co_window_paths_a, co_window_paths_a, co_window_cross_1,
          co_window_paths_a, co_window_of_opportunity_b, co_window_2corner,
          co_window_corner_b, co_window_broadway_b, co_window_corner_cb,
          co_window_broadway_b, glass_columns_a, glass_columns_c,
          glass_columns_b
D:2:      layout_basic, chequers_decorated_corner
D:3:      cheibrodos_pilgrimage, layout_loops_cross,
          mainiacjoe_overflow_alcove_2, portal_sewer_entry_e, uniq_pargi

Skill      XL: |  1  2  3  4 |
---------------+-------------+-----
Stealth        | 2 3 5 |  5.1
Ranged Weapons | 6 7 |  7.1
Fighting       | |  2.1
Dodging        | |  2.4

Action                   |  1- 3 |  4- 6 || total
-------------------------+-------+-------++-------
Melee: Shortbow          |       |     1 ||     1
 Fire: Shortbow          |    80 |    20 ||   100
  Use: Scroll            |     8 |     4 ||    12
       Potion            |     5 |     1 ||     6
Armor: Leather armour    |     5 |     8 ||    13
Dodge: Dodged            |    27 |    16 ||    43
